 Dungeon Crawl Stone Soup version 0.26-a0-1131-g5f66e2dd50 (webtiles) character file.

Game seed: 1140427605894717600

84 Froggeryz the Chopper (level 4, -3/32 (33) HPs)
             Began as a Formicid Gladiator on Dec 19, 2020.
             Slain by Crazy Yiuf
             ... wielding a +4 quarterstaff of chaos
              (5 damage)
             ... on level 2 of the Dungeon.
             The game lasted 00:01:14 (908 turns).

Froggeryz the Chopper (Formicid Gladiator)           Turns: 908, Time: 00:01:15

HP:   -3/32 (33)    AC:  9    Str: 20    XL:     4   Next: 72%
MP:   4/4           EV: 12    Int:  7    God:
Gold: 92            SH:  0    Dex: 12    Spells: 3/3 levels left

rFire    . . .     SeeInvis +   a - +0 war axe
rCold    . . .     Faith    .   (no shield)
rNeg     . . .     Spirit   .   j - +0 ring mail
rPois    .         Reflect  .   (helmet unavailable)
rElec    .         Harm     .   (no cloak)
rCorr    .         Rampage  .   m - +2 pair of gloves
Will     .....                  l - +0 pair of boots
Stlth    +.........             (no amulet)
HPRegen  0.10/turn              (no ring)
MPRegen  0.09/turn              (no ring)

@: lightly drained
A: permanent stasis, dig shafts and tunnels, four strong arms, antennae 3
a: Dig, Shaft Self


You were on level 2 of the Dungeon.
You visited 1 branch of the dungeon, and saw 2 of its levels.

You collected 92 gold pieces.

Inventory:

Hand Weapons
 a - a +0 war axe (weapon)
Missiles
 c - 3 throwing nets (quivered)
Armour
 j - a +0 ring mail (worn)
 l - a +0 pair of boots (worn)
 m - a +2 pair of gloves (worn)
Wands
 n - a wand of random effects (13)
Scrolls
 b - 3 scrolls of teleportation {unknown}
 g - 2 scrolls of noise {unknown}
 h - a scroll of fog {unknown}
 k - a scroll of enchant armour {unknown}
 o - a scroll of amnesia {unknown}
Potions
 d - 3 potions of heal wounds {unknown}
 e - a potion of brilliance {unknown}
 f - a potion of cancellation {unknown}
 i - 2 potions of curing {unknown}


   Skills:
 - Level 2.1 Fighting
 * Level 4.5 Axes
 - Level 2.0 Throwing
 + Level 2.2 Armour
 - Level 2.6 Dodging


You had 3 spell levels left.
You didn't know any spells.
Your spell library was empty.

Dungeon Overview and Level Annotations

Branches:
Dungeon (2/15)

Altars:

Annotations:
D:2 Crazy Yiuf


Innate Abilities, Weirdness & Mutations

You cannot be hasted, slowed, berserked, paralysed or teleported.
You can dig through walls and to a lower floor.
Your four strong arms can wield two-handed weapons with a shield.
You have a pair of large antennae on your head. (SInv)


Message History

You barely miss Crazy Yiuf.
Crazy Yiuf grits, "Lay sanguine meccalolo!"
Crazy Yiuf completely misses you.
You barely miss Crazy Yiuf.
Crazy Yiuf says, "Peeping illywillydillykilly senile!"
Crazy Yiuf hits you with a +4 quarterstaff of chaos!
You feel drained.
You hit Crazy Yiuf.
Crazy Yiuf is lightly wounded.
Crazy Yiuf laughs, "Pitchfork!"
Crazy Yiuf hits you with a +4 quarterstaff of chaos!
You are electrocuted!
* * * LOW HITPOINT WARNING * * *
Crazy Yiuf yells, "Hack aubergine down!"
Crazy Yiuf barely misses you.
You are too injured to fight recklessly!
You barely miss Crazy Yiuf.
Crazy Yiuf is lightly wounded.
Crazy Yiuf hits you with a +4 quarterstaff of chaos.
You die...

#..#.##.#####.###
#..#.##.#.......######
#....##.#.#..........#
###############.####.##
#.# #... #.## #### ###
♣♣##..# #)).#♣♣
♣♣.#...#
#..)g@♣♣♣♣.♣....#
#)..#♣))♣).....## ###
♣♣♣)♣..#.##
♣♣♣♣♣########## #......
### #.#####
.######.###.#####
................#
..###.>...#.###)#


You could see Crazy Yiuf.

Vanquished Creatures
  Terence (D:2)
  3 adders (D:2)
  A worm (D:2)
  A giant cockroach (D:1)
  6 hobgoblins (D:1)
  3 bats
  3 frilled lizards (D:1)
  5 goblins (D:1)
  5 kobolds
  3 rats
31 creatures vanquished.

Notes
Turn   | Place    | Note
-------+----------+-------------------------------------------
     0 | D:1      | Froggeryz the Formicid Gladiator began the quest for the
                  | Orb.
     0 | D:1      | Reached XP level 1. HP: 16/16 MP: 1/1
    69 | D:1      | Reached XP level 2. HP: 17/22 MP: 2/2
   191 | D:1      | Reached skill level 1 in Armour
   398 | D:1      | Reached XP level 3. HP: 27/27 MP: 3/3
   737 | D:2      | Noticed Terence
   747 | D:2      | Killed Terence
   748 | D:2      | Reached skill level 4 in Axes
   748 | D:2      | Reached XP level 4. HP: 33/33 MP: 4/4
   750 | D:2      | Found a faded altar of an unknown god.
   899 | D:2      | Found a runed translucent door.
   900 | D:2      | Noticed Crazy Yiuf
   908 | D:2      | Slain by Crazy Yiuf

Illustrated notes

Levels and vault maps discovered:
D:1:      dpeg_arrival_pond, layout_basic
D:2:      layout_loops_corners, minitemple, chequers_ecumenical_altar_simple,
          uniq_crazy_yiuf_cottage, uniq_terence

Skill      XL: |  1  2  3 |
---------------+----------+-----
Armour         | 1 2 |  2.2
Axes           | 4 |  4.5
Fighting       | |  2.1
Throwing       | |  2.0
Dodging        | |  2.6

Action                   |  1- 3 |  4- 6 || total
-------------------------+-------+-------++-------
Melee: War axe           |    67 |    13 ||    80
Armor: Leather armour    |    15 |       ||    15
       Ring mail         |     8 |     6 ||    14
Dodge: Dodged            |    45 |     6 ||    51

Table legend: (Time is in decaauts)
 A = Elapsed time spent in this place.
 B = Non-inter-level travel time spent in this place.
 C = Inter-level travel time spent in this place.
 D = Time resting spent in this place.
 E = Time spent auto-exploring this place.
 F = Levels seen in this place.
 G = Mean time per level.
                   A        B        C        D        E       F      G
               +--------+--------+--------+--------+--------+-----+--------+
         Total |    933 |    924 |      9 |      0 |    676 |   2 |  466.5 |
       Dungeon |    933 |    924 |      9 |      0 |    676 |   2 |  466.5 |
               +--------+--------+--------+--------+--------+-----+--------+

Top non-repeatable levels by time:
     D:1: 504 daAuts
     D:2: 428 daAuts
